 Dungeon Crawl Stone Soup version 0.27-a0-972-gd1521fd518 (webtiles) character file.

Game seed: 4044826393203598893

8 Alarkh the Insei (level 2, 19/21 HPs)
             Began as a Demonspawn Transmuter on Apr 13, 2021.
             Got out of the dungeon alive.
             The game lasted 00:00:09 (178 turns).

Alarkh the Insei (Demonspawn Transmuter)             Turns: 178, Time: 00:00:09

Health: 19/21      AC:  4    Str: 10    XL:     2   Next: 0%
Magic:  5/5        EV: 12    Int: 14    God:
Gold:   0          SH:  0    Dex: 13    Spells: 4/5 levels left

rFire    . . .     SeeInvis .     - Unarmed
rCold    . . .     Faith    .   (no shield)
rNeg     . . .     Spirit   .   a - +0 robe
rPois    .         Reflect  .   (no helmet)
rElec    .         Harm     .   (no cloak)
rCorr    .         Rampage  .   (no gloves)
Will     .....                  (no boots)
Stlth    +.........             (no amulet)
HPRegen  0.07/turn              (no ring)
MPRegen  0.09/turn              (no ring)

@: no status effects
A: thin metallic scales 1
a: no special abilities


You escaped.
You visited 1 branch of the dungeon, and saw 1 of its levels.

Inventory:

Armour
 a - a +0 robe (worn)
Scrolls
 b - a scroll of torment {unknown}
 c - a scroll of noise {unknown}


   Skills:
 + Level 1.2 Fighting
 - Level 1.7 Dodging
 * Level 2.9 Unarmed Combat
 + Level 2.1 Spellcasting
 + Level 1.9 Transmutations


You had 4 spell levels left.
You knew the following spells:

 Your Spells              Type           Power      Damage    Failure   Level
a - Beastly Appendage     Tmut           14%        N/A       11%         1

Your spell library contained the following spells:

 Spells                   Type           Power      Damage    Failure   Level
 Wereblood                Tmut           7%         N/A       16%         2
 Spider Form              Tmut/Pois      2%         N/A       43%         3
 Ice Form                 Ice/Tmut       4%         N/A       83%         4
 Hydra Form               Tmut           3%         N/A       96%         5


Dungeon Overview and Level Annotations

Branches:
Dungeon (1/15)

Altars:


Innate Abilities, Weirdness & Mutations

You are partially covered in thin metallic scales. (AC +2)


Message History

The jackal closely misses you.
You hit the jackal but do no damage.
The jackal is heavily wounded.
The jackal bites you but does no damage.
You barely miss the jackal.
The jackal is heavily wounded.
Your transformation is almost over.
The jackal misses you. The jackal closely misses you.
You barely miss the jackal.
The jackal is heavily wounded.
The jackal bites you.
You hit the jackal. Your headbutt misses the jackal.
The jackal is heavily wounded.
The jackal barely misses you.
You barely miss the jackal. You claw the jackal.
The jackal is almost dead.
The jackal closely misses you. The jackal bites you.
You hit the jackal.
You kill the jackal!
You hit the jackal. Your kick misses the jackal.
The jackal is severely wounded.
The jackal barely misses you.
You barely miss the jackal.
The jackal is severely wounded.
The jackal misses you. The jackal barely misses you.
You hit the jackal but do no damage. You punch the jackal.
You kill the jackal!
You have reached level 2!
Your demonic ancestry asserts itself...
Thin metallic scales grow over part of your body.
Unknown command.
Your horns disappear.
Your talons disappear.
c - a scroll labelled XEWORPH UDUTIEPT
Things that are here:
a +0 short sword; 5 stones; a ball python corpse
There is a large open door here.
There is an open door here.
There is a staircase leading out of the dungeon here.
Are you sure you want to leave the Dungeon?
This will make you lose the game!
You have escaped!

#.###.#### ..
#......##
##########..#
#8#÷#8#÷###.#
#.#+#.#'#8#.#
..........'.#
..........'.#
#.#+#.#'#8###
#8#÷#8#@###
##########


There were no monsters in sight!

Vanquished Creatures
  A ball python (D:1)
  3 jackals (D:1)
  A kobold (D:1)
  A quokka (D:1)
6 creatures vanquished.

Notes
Turn   | Place    | Note
-------+----------+-------------------------------------------
     0 | D:1      | Alarkh the Demonspawn Transmuter began the quest for the
                  | Orb.
     0 | D:1      | Reached XP level 1. HP: 15/15 MP: 3/3
   114 | D:1      | Found a faded altar of an unknown god.
   146 | D:1      | Gained mutation: You are partially covered in thin metallic
                  | scales. (AC +2) [demonic ancestry]
   146 | D:1      | Reached XP level 2. HP: 17/21 MP: 5/5
   178 | D:$      | Got out of the dungeon alive.

Illustrated notes

Levels and vault maps discovered:
D:1:      wander_arrival_abandoned_jail, layout_basic,
          shapermc_ecumenical_altar_gd, minmay_misc_feat_room

Action                   || total
-------------------------++-------
Melee: Unarmed           ||    18
       Kick              ||     4
       Headbutt          ||     1
       Punch             ||     1
 Cast: Beastly Appendage ||     2
Armor: Robe              ||     2
Dodge: Dodged            ||    13

Table legend: (Time is in decaauts)
 A = Elapsed time spent in this place.
 B = Non-inter-level travel time spent in this place.
 C = Inter-level travel time spent in this place.
 D = Time resting spent in this place.
 E = Time spent auto-exploring this place.
 F = Levels seen in this place.
 G = Mean time per level.
                   A        B        C        D        E       F      G
               +--------+--------+--------+--------+--------+-----+--------+
         Total |    177 |    146 |     31 |      0 |    116 |   1 |  177.0 |
       Dungeon |    177 |    146 |     31 |      0 |    116 |   1 |  177.0 |
               +--------+--------+--------+--------+--------+-----+--------+

Top non-repeatable levels by time:
     D:1: 177 daAuts
